AoeStats
← kova32ajsk

Lombardia

508574759Analyzed
4v4 RM · 11d ago on Sep 23, 2026· 47m 14s· 8 players
Game mode
Random Map
Map size
Large (8 player)
Population
200
Speed
Normal
Resources
Standard
Victory
Conquest
Starting age
Dark Age
Ending age
Imperial Age
RankedLock teamsTeams togetherTeam positionsShared explorationLock speedFull tech treeHidden civsTurbo modeCheats
Victory
Defeat
🇨🇴 Khitans · Colombia
1033
+13
🇨🇳 Vikings · China
995
+15
🇦🇷 Magyars · Argentina
964
+16
🇺🇸 Britons · United States
951
+17
🇺🇸 Romans · United States
1019
-17
🇪🇨 Franks · Ecuador
1005
-17
🇨🇱 Vietnamese · Chile
1002
-17
🇺🇸 Goths · United States
840
-10
kova32ajsk
11:43 Feudal Age
13:21 Wheelbarrow
12:34 Double-Bit Axe
17:43 Castle Age
17:54 Stone Mining
17:55 Gold Mining
18:03 Gold Mining
17:57 Horse Collar
19:17 Hand Cart
20:22 Heavy Plow
26:58 Gold Shaft Mining
31:12 Imperial Age
29:55 Fletching
30:05 Padded Archer Armor
30:35 Ballistics
30:27 Fortified Wall
30:15 Murder Holes
30:54 Bodkin Arrow
31:34 Leather Archer Armor
31:21 Scale Mail Armor
31:50 Yeomen
32:59 Chemistry
31:43 Treadmill Crane
31:59 Murder Holes
32:29 Conscription
33:05 Bracer
33:44 Ring Archer Armor
33:41 Bow Saw
35:00 Masonry
35:33 Hoardings
36:05 Hoardings
35:49 Chain Mail Armor
35:29 Elite Longbowman
SQovs搁浅的跳虾
12:09 Feudal Age
11:44 Loom
13:02 Double-Bit Axe
13:00 Horse Collar
21:29 Castle Age
19:26 Stone Mining
20:43 Gold Mining
20:27 Man-at-Arms
21:24 Forging
21:16 Scale Mail Armor
22:15 Heavy Plow
21:51 Long Swordsman
22:32 Squires
22:49 Bow Saw
23:32 Gold Shaft Mining
34:14 Imperial Age
31:52 Arson
33:54 Iron Casting
33:35 Chain Mail Armor
34:26 Chieftains
34:39 Two-Handed Swordsman
37:23 Two-Man Saw
37:06 Crop Rotation
37:21 Conscription
37:47 Champion
39:37 Blast Furnace
39:08 Plate Mail Armor
39:39 Elite Berserk
41:28 Fletching
44:03 Elite Varangian Guard
45:39 Town Watch
francisco.jose.serpa
6:35 Loom
9:20 Feudal Age
10:01 Double-Bit Axe
15:32 Scale Barding Armor
15:38 Forging
16:10 Town Watch
23:10 Castle Age
22:59 Gold Mining
24:32 Wheelbarrow
24:18 Husbandry
25:05 Chain Barding Armor
26:04 Iron Casting
30:27 Stone Mining
32:21 Hand Cart
39:15 Imperial Age
38:44 Fletching
38:55 Scale Mail Armor
38:55 Padded Archer Armor
39:20 Elite Steppe Lancer
40:20 Bow Saw
40:50 Plate Barding Armor
40:14 Bodkin Arrow
39:56 Capped Ram
41:27 Conscription
41:53 Siege Ram
43:41 Ordo Cavalry
46:36 Two-Man Saw
45:58 Chain Mail Armor
Fro!
7:19 Loom
9:56 Feudal Age
10:25 Double-Bit Axe
15:30 Castle Age
23:50 Bow Saw
23:45 Horse Collar
29:15 Bloodlines
32:01 Imperial Age
29:54 Caravan
30:43 Gold Mining
31:32 Husbandry
31:44 Scale Barding Armor
32:57 Chain Barding Armor
32:04 Cavalier
33:31 Conscription
33:48 Paladin
35:19 Wheelbarrow
37:16 Hand Cart
38:27 Plate Barding Armor
38:52 Gold Shaft Mining
40:35 Onager
ITVE | Jose.Antonio.Paez
10:25 Feudal Age
8:42 Loom
10:33 Feudal Age
12:05 Double-Bit Axe
15:11 Castle Age
16:27 Horse Collar
16:59 Bow Saw
23:27 Fletching
23:40 Padded Archer Armor
28:18 Imperial Age
26:24 Wheelbarrow
25:36 Town Watch
27:06 Squires
27:40 Ballistics
28:29 Scale Mail Armor
28:40 Forging
29:04 Heavy Scorpion
30:35 Chain Mail Armor
31:10 Pikeman
32:31 Iron Casting
33:14 Heavy Plow
33:27 Halberdier
35:56 Chemistry
35:24 Ballistas
35:50 Conscription
36:44 Blast Furnace
42:02 Onager
43:51 Elite Skirmisher
44:54 Imperial Skirmisher
46:43 Leather Archer Armor
46:25 Bodkin Arrow
Alexander
10:54 Feudal Age
9:09 Loom
18:24 Castle Age
17:43 Wheelbarrow
17:19 Double-Bit Axe
18:43 Scale Barding Armor
23:10 Husbandry
25:42 Forging
27:41 Chain Barding Armor
30:30 Hand Cart
34:18 Iron Casting
33:35 Fletching
37:51 Imperial Age
35:28 Town Watch
35:45 Gold Mining
38:12 Cavalier
41:10 Conscription
46:17 Town Patrol
gabrielc.c.f.c
12:56 Feudal Age
13:34 Double-Bit Axe
13:39 Horse Collar
26:43 Gold Mining
26:44 Stone Mining
30:18 Castle Age
32:05 Pikeman
33:55 Squires
IronWill
12:13 Feudal Age
16:33 Castle Age
15:18 Double-Bit Axe
15:14 Horse Collar
15:25 Gold Mining
16:12 Loom
26:14 Bow Saw
26:46 Heavy Plow
27:29 Stone Mining
27:27 Town Watch
28:44 Scale Mail Armor
30:41 Wheelbarrow
31:01 Stone Shaft Mining
30:54 Squires
30:40 Arson
31:12 Chain Mail Armor
31:07 Forging
32:13 Hand Cart
32:20 Fletching
35:22 Imperial Age
32:34 Elite Skirmisher
33:17 Padded Archer Armor
34:24 Bodkin Arrow
35:13 Iron Casting
36:10 Bracer
37:49 Two-Man Saw
37:50 Paper Money
37:54 Imperial Skirmisher
39:16 Leather Archer Armor
39:06 Elite Fire Lancer
41:26 Chemistry
41:22 Ring Archer Armor
42:09 Plate Mail Armor
41:31 Elite Rattan Archer
42:33 Crossbowman
Connection lost

Rejoining the realm…

Still unreachable

The connection could not be restored.

Session expired

The server has moved on; the page needs a fresh start.